 Dungeon Crawl Stone Soup version 0.22-a0-456-g11ed031 (webtiles) character file.

427 Raine357 the Sneak (level 6, 0/44 HPs)
             Began as a Gnoll Enchanter on June 7, 2018.
             Slain by Edmund the spiny frog (9 damage)
             ... on level 4 of the Dungeon.
             The game lasted 00:09:51 (3687 turns).

Raine357 the Sneak (Gnoll Enchanter)                Turns: 3687, Time: 00:09:51

Health: 0/44       AC:  7    Str: 12    XL:     6   Next: 97%
Magic:  14/14      EV: 11    Int: 18    God:
Gold:   70         SH:  4    Dex: 15    Spells: 6/15 levels left

rFire    . . .     SeeInvis .   i - -1 short sword (curse)
rCold    . . .     Gourm    .   l - +0 buckler
rNeg     . . .     Faith    .   r - +0 scale mail (curse)
rPois    .         Spirit   .   p - +0 helmet
rElec    .         Reflect  .   (no cloak)
rCorr    .         Harm     .   (no gloves)
MR       .....                  (no boots)
Stlth    ++........             (no amulet)
HPRegen  0.14/turn              (no ring)
MPRegen  0.14/turn              (no ring)

@: lethally poisoned (0 -> -41)
A: distributed training, fangs 1, strong nose
a: no special abilities


You were on level 4 of the Dungeon.
You were not hungry.

You visited 1 branch of the dungeon, and saw 4 of its levels.

You collected 70 gold pieces.

Inventory:

Hand Weapons
 a - a +2 dagger
 g - a +0 mace
   (You found it on level 1 of the Dungeon)
 i - a cursed -1 short sword (weapon)
   (You took it off a kobold on level 1 of the Dungeon)
Missiles
 b - 83 stones
 f - 26 sling bullets
 j - 15 tomahawks (quivered)
 m - 20 bolts
Armour
 h - a +0 leather armour
   (You found it on level 1 of the Dungeon)
 l - a +0 buckler (worn)
   (You found it on level 2 of the Dungeon)
 p - a +0 helmet (worn)
   (You took it off Robin on level 3 of the Dungeon)
 r - a cursed +0 scale mail (worn)
   (You found it on level 3 of the Dungeon)
Wands
 n - a wand of polymorph (1)
   (You took it off Sigmund on level 2 of the Dungeon)
Potions
 k - a potion of heal wounds
Comestibles
 d - 11 rations


   Skills:
 + Level 2.1 Fighting
 + Level 3.3 Short Blades
 + Level 2.1 Long Blades
 + Level 2.1 Axes
 + Level 2.1 Maces & Flails
 + Level 2.1 Polearms
 + Level 2.1 Staves
 + Level 2.1 Slings
 + Level 2.1 Bows
 + Level 2.1 Crossbows
 + Level 2.1 Throwing
 + Level 2.1 Armour
 + Level 5.0 Dodging
 + Level 6.3 Stealth
 + Level 2.1 Shields
 + Level 2.1 Unarmed Combat
 + Level 5.4 Spellcasting
 + Level 1.7 Conjurations
 + Level 5.7 Hexes
 + Level 1.7 Charms
 + Level 1.7 Summonings
 + Level 1.7 Necromancy
 + Level 1.7 Translocations
 + Level 1.7 Transmutations
 + Level 1.7 Fire Magic
 + Level 1.7 Ice Magic
 + Level 1.7 Air Magic
 + Level 1.7 Earth Magic
 + Level 1.7 Poison Magic
 + Level 2.3 Invocations
 + Level 2.1 Evocations


You had 6 spell levels left.
You knew the following spells:

 Your Spells              Type           Power        Failure   Level  Hunger
a - Ensorcelled Hibernat  Hex/Ice        ###...       26%         2    #......
c - Confuse               Hex            ####....     24%         3    ##.....
d - Dazzling Spray        Conj/Hex       ###...       47%         3    ##.....
z - Corona                Hex            ####...      8%          1    None

Your spell library contained the following spells:

 Spells                   Type           Power        Failure   Level  Hunger
 Apportation              Tloc           ##....       38%         1    None
 Summon Small Mammal      Summ           ##..         38%         1    None
 Animate Skeleton         Necr           N/A          38%         1    None
 Tukima's Dance           Hex            ####....     24%         3    ##.....
 Confusing Touch          Hex            ####..       8%          1    None


Dungeon Overview and Level Annotations

Branches:
Dungeon (4/15)
 Temple: D:4-7

Altars:

Shops:
D:4 [

Annotations:
D:3 Grinder
D:4 Edmund


Innate Abilities, Weirdness & Mutations

Your experience applies equally to all skills.
You have very sharp teeth.
Your uncanny sense of smell can sniff out nearby items.


Message History

Your Long Blades skill increases to level 2!
Your Axes skill increases to level 2!
Your Maces & Flails skill increases to level 2!
Your Polearms skill increases to level 2!
Your Staves skill increases to level 2!
Your Slings skill increases to level 2!
Your Bows skill increases to level 2!
Your Crossbows skill increases to level 2!
Your Throwing skill increases to level 2!
Your Armour skill increases to level 2!
Your Shields skill increases to level 2!
Your Unarmed Combat skill increases to level 2!
Your Evocations skill increases to level 2!
Unknown command.
Unknown command.
An orc comes into view. It is wielding a club.
Found a scroll labeled WOINARH UJEIFI.
Things that are here:
a dagger; a robe; an orc corpse An orc comes into view.
It is wielding a war axe.
The orc shouts! x2
Found 17 gold pieces.
You see here 14 gold pieces.
You closely miss the orc. You block the orc's attack.
You closely miss the orc. The orc barely misses you. x2
You hit the orc.
The orc is heavily wounded.
The orc hits you with a war axe.
All of the chunks of flesh in your inventory have rotted away.
You hit the orc. Your bite misses the orc.
The orc is almost dead.
The orc misses you.
You hit the orc.
You kill the orc!
You block the orc's attack.
You hit the orc.
The orc is heavily wounded.
The orc hits you but does no damage.
Your scale mail prevents you from hitting the orc.
The orc is heavily wounded.
You block the orc's attack.
You hit the orc but do no damage. Your bite misses the orc.
The orc is heavily wounded.
The orc hits you with a club.
You hit the orc.
The orc is almost dead.
The orc closely misses you.
Your scale mail prevents you from hitting the orc.
The orc is almost dead.
You block the orc's attack.
You hit the orc.
You kill the orc!
No target in view!
You are feeling hungry.
HP restored.
You now have 70 gold pieces (gained 14).
Things that are here:
a club; an orc corpse You butcher the orc corpse.
k - 2 chunks of flesh
Things that are here:
a club; an orc skeleton
Things that are here:
a club; an orc skeleton Eating one of 2 chunks of flesh.
You eat one of the 2 chunks of flesh.
This raw flesh tastes terrible.
Things that are here:
a war axe; a leather armour; an orc corpse You butcher the orc corpse.
k - 4 chunks of flesh (gained 3)
Things that are here:
a war axe; a leather armour
Things that are here:
a war axe; a leather armour You butcher the orc corpse.
k - 8 chunks of flesh (gained 4)
Things that are here:
a dagger; a robe
Things that are here:
a dagger; a robe You butcher the rat corpse.
k - 9 chunks of flesh (gained 1)
q - a scroll labeled DIMOLU VAOCKE
As you read the scroll labeled DIMOLU VAOCKE, it crumbles to dust.
You feel strangely unstable.
It was a scroll of teleportation.
Your surroundings suddenly seem different.
Natasha is too close now for your liking.
Natasha hisses angrily.
Natasha stares at you and mumbles some strange words.
The magic dart hits you!
You see here 9 gold pieces.
Natasha claws you.
You closely miss Natasha. Natasha misses you.
You closely miss Natasha. Natasha claws you.
You hit Natasha.
Natasha is moderately wounded.
You block Natasha's attack.
You hit Natasha but do no damage. You bite Natasha, but do no damage.
Natasha is moderately wounded.
Natasha howls an incantation.
You feel troubled. Natasha casts a spell at you. The magic dart hits you!
You barely miss Natasha.
Natasha is moderately wounded.
Your scale mail prevents you from hitting Natasha.
Natasha is moderately wounded.
Natasha casts a spell.
You miss Natasha. You bite Natasha.
Natasha is moderately wounded.
Natasha claws you.
The crimson imp blinks!
You hit Natasha.
Natasha is heavily wounded.
Natasha claws you but does no damage.
You barely miss Natasha.
Natasha is heavily wounded.
Natasha barely misses you.
You closely miss Natasha.
Natasha is heavily wounded.
Natasha claws you.
You hit Natasha but do no damage.
Natasha is heavily wounded.
Natasha misses you.
You closely miss Natasha.
Natasha is heavily wounded.
Natasha claws you!
* * * LOW HITPOINT WARNING * * *
You barely miss Natasha. Your bite misses Natasha.
Natasha is heavily wounded.
The crimson imp laughs crazily.
You block Natasha's attack.
It was a potion of flight.
You feel very buoyant.
You fly up into the air.
Natasha closely misses you.
You hit Natasha.
Natasha is severely wounded.
The crimson imp closely misses you. Natasha misses you.
You hit Natasha but do no damage.
Natasha is severely wounded.
The crimson imp barely misses you.
Natasha mumbles some strange words.
You feel disoriented. Natasha claws you but does no damage.
You barely miss Natasha.
Natasha is severely wounded.
The crimson imp barely misses you. Natasha closely misses you.
You hit Natasha.
Natasha is almost dead.
The crimson imp closely misses you.
Natasha drinks a potion.
Natasha is healed!
You barely miss Natasha.
The crimson imp disappears in a puff of smoke!
You block Natasha's attack.
You closely miss Natasha. Natasha claws you.
* * * LOW HITPOINT WARNING * * *
You closely miss Natasha. Natasha barely misses you.
You miss Natasha. Natasha claws you but does no damage.
You hit Natasha. You bite Natasha, but do no damage.
Natasha is moderately wounded.
Natasha claws you.
* * * LOW HITPOINT WARNING * * *
Natasha claws you.
* * * LOW HITPOINT WARNING * * *
You are confused.
You feel invigorated. Natasha claws you but does no damage.
There is a stone staircase leading down here.
You miss Natasha. Your bite misses Natasha.
Natasha is moderately wounded.
You feel less invigorated.
You feel less confused. Natasha misses you.
You hit Natasha. You bite Natasha.
Natasha is heavily wounded.
Natasha claws you but does no damage.
You closely miss Natasha. You bite Natasha, but do no damage.
Natasha is moderately wounded.
You are starting to lose your buoyancy.
Natasha casts a spell at you. The magic dart hits you!
You hit Natasha.
Natasha is severely wounded.
Natasha closely misses you.
You completely miss Natasha.
Natasha is severely wounded.
Natasha barely misses you.
You hit Natasha but do no damage.
Natasha is severely wounded.
Natasha claws you but does no damage.
You hit Natasha.
Natasha is severely wounded.
Natasha barely misses you.
You hit Natasha. You bite Natasha, but do no damage.
Natasha is almost dead.
You block Natasha's attack.
You hit Natasha but do no damage.
Natasha is almost dead.
You block Natasha's attack.
You hit Natasha but do no damage.
Natasha is almost dead.
Natasha claws you.
* * * LOW HITPOINT WARNING * * *
You closely miss Natasha.
Natasha is almost dead.
Natasha claws you.
* * * LOW HITPOINT WARNING * * *
You hit Natasha.
Natasha is almost dead.
You float gracefully downwards.
You barely miss Natasha. Your bite misses Natasha.
Natasha is almost dead.
Natasha barely misses you.
You feel better.
Natasha stares at you and mumbles some strange words.
You resist with some effort.
You hit Natasha.
You kill Natasha!
Natasha yowls pathetically as she dies!
You start resting.
Some of the chunks of flesh in your inventory have rotted away. x2
All of the chunks of flesh in your inventory have rotted away.
The dart slug is too close now for your liking.
A dart slug is nearby!
You see here 9 gold pieces.
There is a stone staircase leading down here.
You climb downwards.
Found a ration.
There is a stone staircase leading up here.
HP restored.
Edmund the Younger comes into view.
He is wielding a flail of protection.
d - 10 rations (gained 1)
Found 18 stones and a flail.
An orc comes into view.
The orc shouts!
You hear a shout!
You see here 18 stones.
An adder comes into view.
You open the door.
Found a stone staircase leading up.
There is an open door here.
The adder hisses angrily.
You are feeling hungry.
You block the adder's attack. The adder bites you but does no damage.
You hit the adder but do no damage. Your bite misses the adder.
The adder bites you.
You miss the adder. The adder barely misses you.
You hit the adder. Your bite misses the adder.
The adder is lightly wounded.
The adder bites you but does no damage.
You hit the adder. You bite the adder, but do no damage.
The adder is moderately wounded.
The adder bites you but does no damage.
You hit the adder.
The adder is severely wounded.
The adder barely misses you. The orc hits you.
You hit the adder.
You kill the adder!
The orc closely misses you.
You completely miss the orc. Your bite misses the orc.
The orc barely misses you.
You hit the orc.
The orc is moderately wounded.
The orc hits you but does no damage.
You hit the orc.
The orc is heavily wounded.
You hit the orc.
You kill the orc!
Things that are here:
a dyed leather armour; an orc corpse You butcher the orc corpse.
c - 2 chunks of flesh
Things that are here:
a dyed leather armour; an orc skeleton
Things that are here:
a dyed leather armour; an orc skeleton Eating one of 2 chunks of flesh.
You eat one of the 2 chunks of flesh.
This raw flesh tastes terrible.
b - 66 stones (gained 18)
A howler monkey comes into view.
Found a leather armour.
e - a scroll of identify
Okay, then.
An orc comes into view. It is wielding a flail.
An orc is nearby!
An orc comes into view. It is wielding a whip.
The orc shouts!
You hear a shout!
Found 17 stones.
An orc priest comes into view. It is wielding a hand axe.
The orc priest shouts!
You hear a shout!
An orc comes into view.
An orc comes into view. It is wielding a hand axe.
The orc hits you but does no damage.
Found a stone staircase leading up.
An orc comes into view. It is wielding a club.
An orc comes into view. It is wielding a dagger.
The orc priest begins to cast a cantrip, but forgets the words!
The orc shouts!
You hit the orc priest.
The orc priest is lightly wounded.
You hear a shout!
The orc barely misses you.
The orc priest hits you with a hand axe.
The orc hits you but does no damage.
You hit the orc priest.
The orc priest is heavily wounded.
The orc hits you but does no damage. x2
Your shield and scale mail prevent you from hitting the orc.
The orc closely misses you. You block the orc's attack.
You closely miss the orc. You block the orc's attack.
You hit the orc.
The orc is severely wounded.
The orc hits you with a whip. The orc hits you but does no damage.
You barely miss the orc. Your bite misses the orc. The orc misses you.
You hit the orc.
The orc is heavily wounded.
The orc closely misses you. You block the orc's attack.
You hit the orc.
You kill the orc!
The orc hits you but does no damage. You block the orc's attack.
You hit the orc. Your bite misses the orc.
The orc is almost dead.
The orc barely misses you. The orc misses you.
You hit the orc but do no damage.
The orc is almost dead.
You block the orc's attack.
You hit the orc.
You kill the orc!
The orc hits you.
You hit the orc priest. Your bite misses the orc priest.
The orc priest is severely wounded.
The orc priest hits you but does no damage.
You block the orc's attack.
You hit the orc priest.
You kill the orc priest!
The orc closely misses you.
You hit the orc.
The orc is moderately wounded.
You hear a shout!
The orc hits you with a hand axe. The orc misses you.
You hit the orc.
The orc is almost dead.
The orc barely misses you.
You hit the orc but do no damage.
The orc is almost dead.
The orc hits you but does no damage. You block the orc's attack.
You hit the orc.
You kill the orc!
An orc comes into view.
The orc hits you but does no damage.
You hit the orc. You bite the orc.
The orc is severely wounded.
The orc misses you.
You hit the orc.
You kill the orc!
The orc hits you but does no damage.
You hit the orc.
The orc is heavily wounded.
The orc hits you but does no damage.
You hit the orc but do no damage.
The orc is heavily wounded.
You block the orc's attack.
You barely miss the orc. You bite the orc.
The orc is severely wounded.
The orc hits you.
You hit the orc.
You kill the orc!
You closely miss the orc. The orc hits you but does no damage.
You hit the orc. You bite the orc, but do no damage.
The orc is severely wounded.
The orc hits you but does no damage.
You hit the orc.
You kill the orc!
Your shield and scale mail prevent you from hitting the orc.
The orc hits you but does no damage.
You barely miss the orc. You block the orc's attack.
You hit the orc.
The orc is lightly wounded.
You closely miss the orc.
The orc is lightly wounded.
The orc closely misses you.
You completely miss the orc.
The orc is lightly wounded.
The orc closely misses you.
You hit the orc. You bite the orc, but do no damage.
The orc is almost dead.
The orc closely misses you.
You closely miss the orc.
The orc is almost dead.
You block the orc's attack.
You hit the orc but do no damage.
The orc is severely wounded.
The orc closely misses you.
You hit the orc but do no damage. Your bite misses the orc.
The orc is severely wounded.
You block the orc's attack.
You hit the orc.
You kill the orc!
No target in view!
j - 15 tomahawks (gained 4)
Items here: )))) ††† You butcher the orc corpse.
c - 5 chunks of flesh (gained 4)
You butcher the orc corpse.
c - 9 chunks of flesh (gained 4)
You butcher the orc corpse.
c - 13 chunks of flesh (gained 4)
Items here: )))) a hand axe x2; a whip; a flail
Items here: )))) a hand axe x2; a whip; a flail
Items here: )) †† a club; a dagger; an orc corpse x2
You butcher the orc corpse.
c - 14 chunks of flesh (gained 1)
You butcher the orc corpse.
c - 18 chunks of flesh (gained 4)
Things that are here:
a club; a dagger; an orc skeleton
Things that are here:
a club; a dagger; an orc skeleton
b - 83 stones (gained 17)
Found a stone staircase leading down.
There is a stone staircase leading down here.
k - a potion of heal wounds
Found Rawarr's Antique Armour Shop.
d - 11 rations (gained 1)
There is an entrance to Rawarr's Antique Armour Shop here.
You can access your shopping list by pressing '$'.
You open the door.
There is an open door here.
There is an open door here.
You open the door.
There is an open door here.
o - an orange potion Some of the chunks of flesh in your inventory have rotted away.
q - a scroll labeled BIOCSI RUCIFOO
As you read the scroll labeled BIOCSI RUCIFOO, it crumbles to dust.
You assume a fearsome visage.
Nothing appears to happen.
It was a scroll of fear.
As you read the scroll of identify, it crumbles to dust.
o - a potion of degeneration Eating one of 17 chunks of flesh.
You eat one of the 17 chunks of flesh.
This raw flesh tastes terrible.
Found a stone staircase leading down.
Drop what? 16/52 slots (_ for help) (? for menu, Esc to quit)
You drop a potion of degeneration.
Some of the chunks of flesh in your inventory have rotted away.
Edmund shouts!
You block Edmund's attack.
Evoke which item? (* to show all) (? for menu, Esc to quit)
Aiming: Polymorph
Press: ? - help, Shift-Dir - straight line, f - Edmund
Aim: Edmund, wielding a flail of protection and wearing a leather armour (chance to defeat MR: 51%) Edmund resists with significant effort.
Edmund hits you with a flail of protection.
Evoke which item? (* to show all) (? for menu, Esc to quit)
Aiming: Polymorph
Press: ? - help, Shift-Dir - straight line, f/p - Edmund
Aim: Edmund, wielding a flail of protection and wearing a leather armour (chance to defeat MR: 51%) Edmund evaporates and reforms as a spiny frog!
Edmund barely misses you.
You hit Edmund.
Edmund is lightly wounded.
You block Edmund's attack.
You closely miss Edmund.
Edmund is lightly wounded.
Edmund barely misses you.
You closely miss Edmund.
Edmund is lightly wounded.
You block Edmund's attack.
You hit Edmund but do no damage.
Edmund is lightly wounded.
Edmund closely misses you. You block Edmund's attack.
You hit Edmund but do no damage. Edmund stings you!!
All of the chunks of flesh in your inventory have rotted away.
You hit Edmund but do no damage. You bite Edmund.
Edmund is lightly wounded.
Edmund stings you.
You are lethally poisoned!
Edmund poisons you!
Evoke which item? (* to show all) (? for menu, Esc to quit)
Aiming: Polymorph
Press: ? - help, Shift-Dir - straight line, f/p - Edmund
Aim: Edmund the spiny frog (lightly wounded, chance to defeat MR: 51%) Edmund resists with significant effort.
You feel sick. Edmund stings you.
Evoke which item? (* to show all) (? for menu, Esc to quit)
Aiming: Polymorph
Press: ? - help, Shift-Dir - straight line, f/p - Edmund
Aim: Edmund the spiny frog (lightly wounded, chance to defeat MR: 51%) Edmund resists with significant effort.
* * * LOW HITPOINT WARNING * * *
You feel sick. Edmund barely misses you.
Evoke which item? (* to show all) (? for menu, Esc to quit)
Aiming: Polymorph
Press: ? - help, Shift-Dir - straight line, f/p - Edmund
Aim: Edmund the spiny frog (chance to defeat MR: 51%) Edmund resists with significant effort.
* * * LOW HITPOINT WARNING * * *
You feel sick. Edmund stings you.
* * * LOW HITPOINT WARNING * * *
You are more poisoned.
Edmund poisons you! Edmund stings you!
You die...

#.# ..#.# #.#.####### #.#.......#
#.#.#####.# # #.#.# #.# #..
#.#.#####.#
#....#F#.#.....#########
.......@................
#....#.#...#####....####
.......#....#)#...#####....#
.h...... .#.#.#.#.#.#.######
....... .#.#.#.#.#.#.#<#
......§.#.#.#.#.#.#.#.##
.....≈8#.#.#.#.#.#.#.#.######
#......≈.#.#.#.#.#.#.#.#.....#
#......$.#.#.#.#.#.#.#.#.####.###


You could see Edmund the spiny frog.

Vanquished Creatures
  Sigmund (D:2)
  An orc priest (D:4)
  Jessica (D:3)
  Natasha (D:3)
  An orc wizard (D:3)
  Robin (D:3)
  5 adders
  9 dart slugs
  2 worms (D:2)
  A leopard gecko (D:2)
  11 orcs
  7 bats
  3 giant cockroaches (D:2)
  15 goblins
  6 hobgoblins
  3 frilled lizards
  4 kobolds
  4 rats
76 creatures vanquished.

Notes
Turn   | Place    | Note
-------+----------+-------------------------------------------
     0 | D:1      | Raine357 the Gnoll Enchanter began the quest for the Orb.
     0 | D:1      | Reached XP level 1. HP: 13/13 MP: 6/6
     6 | D:1      | Noticed a polar bear
     7 | D:1      | Noticed a seven-headed hydra
   199 | D:1      | Reached XP level 2. HP: 19/19 MP: 7/7
   203 | D:1      | Learned a level 2 spell: Ensorcelled Hibernation
  1066 | D:2      | Reached XP level 3. HP: 25/25 MP: 9/9
  1071 | D:2      | Learned a level 3 spell: Confuse
  1075 | D:2      | Learned a level 3 spell: Dazzling Spray
  1155 | D:2      | Reached skill level 6 in Stealth
  1155 | D:2      | Reached skill level 5 in Spellcasting
  1237 | D:2      | Reached skill level 1 in Invocations
  1391 | D:2      | Reached skill level 1 in Fighting
  1391 | D:2      | Reached skill level 1 in Long Blades
  1391 | D:2      | Reached skill level 1 in Axes
  1391 | D:2      | Reached skill level 1 in Maces & Flails
  1391 | D:2      | Reached skill level 1 in Polearms
  1391 | D:2      | Reached skill level 1 in Staves
  1391 | D:2      | Reached skill level 1 in Slings
  1391 | D:2      | Reached skill level 1 in Bows
  1391 | D:2      | Reached skill level 1 in Crossbows
  1391 | D:2      | Reached skill level 1 in Throwing
  1391 | D:2      | Reached skill level 1 in Armour
  1391 | D:2      | Reached skill level 1 in Shields
  1391 | D:2      | Reached skill level 1 in Unarmed Combat
  1391 | D:2      | Reached skill level 1 in Evocations
  1520 | D:2      | Reached XP level 4. HP: 32/32 MP: 11/11
  1568 | D:2      | Noticed Sigmund
  2073 | D:2      | Killed Sigmund
  2073 | D:2      | Reached skill level 1 in Conjurations
  2073 | D:2      | Reached skill level 1 in Charms
  2073 | D:2      | Reached skill level 1 in Summonings
  2073 | D:2      | Reached skill level 1 in Necromancy
  2073 | D:2      | Reached skill level 1 in Translocations
  2073 | D:2      | Reached skill level 1 in Transmutations
  2073 | D:2      | Reached skill level 1 in Fire Magic
  2073 | D:2      | Reached skill level 1 in Ice Magic
  2073 | D:2      | Reached skill level 1 in Air Magic
  2073 | D:2      | Reached skill level 1 in Earth Magic
  2073 | D:2      | Reached skill level 1 in Poison Magic
  2073 | D:2      | Reached XP level 5. HP: 28/38 MP: 4/12
  2073 | D:2      | Reached XP level 6. HP: 32/44 MP: 4/13
  2420 | D:3      | Noticed Jessica
  2649 | D:3      | Killed Jessica
  2725 | D:3      | Noticed Natasha
  2729 | D:3      | Noticed Robin
  2746 | D:3      | Killed Robin
  2750 | D:3      | Reached skill level 5 in Dodging
  2784 | D:3      | Noticed Grinder
  3109 | D:3      | HP: 6/44 [Natasha (6)]
  3129 | D:3      | Killed Natasha
  3329 | D:4      | Noticed Edmund
  3559 | D:4      | Found Rawarr's Antique Armour Shop.
  3678 | D:4      | Noticed Edmund
  3678 | D:4      | Edmund changed into Edmund the spiny frog
  3687 | D:4      | Slain by Edmund the spiny frog

Vault maps used:
D:1:      onia_arrival_zoo_common
D:2:      uniq_sigmund
D:3:      kennysheep_slugbush, first_ration, kennysheep_generic_room_9,
          uniq_robin, uniq_natasha, uniq_grinder, uniq_jessica
D:4:      kennysheep_mini_moat, grunt_dithmenos_shadows, serial_shops, shop,
          kennysheep_decorative_pillar, uniq_edmund, uniq_ijyb,
          uniq_blork_the_orc

Skill      XL: |  1  2  3  4  5  6 |
---------------+-------------------+-----
Stealth        | 6 |  6.3
Spellcasting   | 5 |  5.4
Invocations    | 1 2 |  2.3
Fighting       | 1 2 |  2.1
Long Blades    | 1 2 |  2.1
Axes           | 1 2 |  2.1
Maces & Flails | 1 2 |  2.1
Polearms       | 1 2 |  2.1
Staves         | 1 2 |  2.1
Slings         | 1 2 |  2.1
Bows           | 1 2 |  2.1
Crossbows      | 1 2 |  2.1
Throwing       | 1 2 |  2.1
Armour         | 1 2 |  2.1
Shields        | 1 2 |  2.1
Unarmed Combat | 1 2 |  2.1
Evocations     | 1 2 |  2.1
Short Blades   | 3 |  3.3
Conjurations   | 1 |  1.7
Charms         | 1 |  1.7
Summonings     | 1 |  1.7
Necromancy     | 1 |  1.7
Translocations | 1 |  1.7
Transmutations | 1 |  1.7
Fire Magic     | 1 |  1.7
Ice Magic      | 1 |  1.7
Air Magic      | 1 |  1.7
Earth Magic    | 1 |  1.7
Poison Magic   | 1 |  1.7
Dodging        | 5 |  5.0
Hexes          | |  5.7

Action                   |  1- 3 |  4- 6 || total
-------------------------+-------+-------++-------
Melee: Dagger            |    17 |       ||    17
       Short sword       |    38 |   198 ||   236
       Bite              |     3 |    23 ||    26
Throw: Tomahawk          |       |     1 ||     1
 Cast: Corona            |     3 |       ||     3
       Ensorcelled Hiber |    15 |    18 ||    33
       Confuse           |       |     2 ||     2
       Dazzling Spray    |       |     4 ||     4
Evoke: Wand              |       |     5 ||     5
  Use: Scroll            |     1 |     5 ||     6
       Potion            |       |     3 ||     3
 Stab: Sleeping          |    16 |    16 ||    32
  Eat: Chunk             |     2 |     8 ||    10
Armor: Leather armour    |     8 |     4 ||    12
       Scale mail        |       |    26 ||    26
Dodge: Dodged            |    41 |    86 ||   127
Block: Buckler           |     2 |    34 ||    36

Table legend:
 A = Spawn XP
 B = Non-spawn XP
 C = Spawn XP percentage of total XP
 D = Spawn monster count
 E = Non-spawn monster count
 F = Spawn count percentage of total count
 G = Total turns spent on level
                    A         B        C        D         E        F      G
               +---------+---------+-------+---------+---------+-------+---------
         Total |       0 |     611 |   0.0 |       0 |      76 |   0.0 |  3687
               +---------+---------+-------+---------+---------+-------+---------
           D:1 |       0 |      13 |   0.0 |       0 |       8 |   0.0 |   928
           D:2 |       0 |     336 |   0.0 |       0 |      30 |   0.0 |  1637
           D:3 |       0 |     182 |   0.0 |       0 |      28 |   0.0 |   696
           D:4 |       0 |      80 |   0.0 |       0 |      10 |   0.0 |   426
               +---------+---------+-------+---------+---------+-------+---------

Table legend:
 A = Turns spent in this place as a percentage of turns spent in the entire game.
 B = Non-inter-level travel turns spent in this place as a percentage of non-inter-level travel turns spent in the entire game.
 C = Inter-level travel turns spent in this place as a percentage of turns spent in this place.
 D = Turns resting spent in this place as a percentage of non-inter-level travel turns spent in this place.
 E = Turns spent auto-exploring this place as a percentage of non-inter-level travel turns spent in this place.
 F = Non-inter-level travel turns spent in this place divided by the number of levels of this place that you've seen.
                   A       B       C       D       E      F
               +-------+-------+-------+-------+-------+----------------------
         Total | 100.0 | 100.0 |   5.5 |   5.9 |  68.8 | 870.8
       Dungeon | 100.0 | 100.0 |   5.5 |   5.9 |  68.8 | 870.8
               +-------+-------+-------+-------+-------+----------------------

Table legend:
 A = Kills in this place as a percentage of kills in entire the game.
 B = Kills by you in this place as a percentage of kills by you in the entire game.
 C = Kills by friends in this place as a percentage of kills by friends in the entire game.
 D = Other kills in this place as a percentage of other kills in the entire game.
 E = Experience gained in this place as a percentage of experience gained in the entire game.
 F = Experience gained in this place divided by the number of levels of this place that you have seen.
                   A       B       C       D       E      F
               +-------+-------+-------+-------+-------+----------------------
         Total | 100.0 | 100.0 |   N/A |   N/A | 100.0 | 152.8
       Dungeon | 100.0 | 100.0 |   N/A |   N/A | 100.0 | 152.8
               +-------+-------+-------+-------+-------+----------------------
